 Dungeon Crawl Stone Soup version 0.23.2-33-g5129a83184 (webtiles) character file.

Game seed: 1460886495932024023

30 Folque the Charmwright (level 3, 18/29 HPs)
             Began as a Centaur Skald on July 9, 2019.
             Got out of the dungeon alive.
             The game lasted 00:01:39 (1338 turns).

Folque the Charmwright (Centaur Skald)              Turns: 1338, Time: 00:01:40

Health: 18/29      AC:  4    Str: 13    XL:     3   Next: 3%
Magic:  6/6        EV:  9    Int: 13    God:
Gold:   18         SH:  0    Dex:  8    Spells: 0/6 levels left

rFire    . . .     SeeInvis .   a - +0 hand axe
rCold    . . .     Gourm    .   (no shield)
rNeg     . . .     Faith    .   b - +0 leather armour
rPois    .         Spirit   .   (no helmet)
rElec    .         Reflect  .   (no cloak)
rCorr    .         Harm     .   (no gloves)
MR       .....                  (no barding)
Stlth    ..........             (no amulet)
HPRegen  0.09/turn              (no ring)
MPRegen  0.10/turn              (no ring)

@: very quick
A: large, hooves 3, deformed body, speed 2, tough skin 3
a: no special abilities


You escaped.
You were hungry.

You visited 1 branch of the dungeon, and saw 2 of its levels.

You collected 18 gold pieces.

Inventory:

Hand Weapons
 a - a +0 hand axe (weapon)
Missiles
 e - 10 poisoned needles
Armour
 b - a +0 leather armour (worn)
Scrolls
 c - 2 scrolls of teleportation {unknown}
 f - a scroll of remove curse {unknown}
 g - 2 scrolls of amnesia {unknown}
Comestibles
 d - 3 rations


   Skills:
 - Level 2.0 Fighting
 * Level 2.4 Axes
 - Level 0.6 Armour
 - Level 1.3 Dodging
 * Level 2.1 Spellcasting
 + Level 2.9 Charms


You couldn't memorise any spells.
You knew the following spells:

 Your Spells              Type           Power        Failure   Level  Hunger
a - Infusion              Chrm           #...         10%         1    ##.....
b - Shroud of Golubria    Chrm/Tloc      #.........   26%         2    ###....
c - Spectral Weapon       Hex/Chrm       #.......     45%         3    ####...

Your spell library contained the following spells:

 Spells                   Type           Power        Failure   Level  Hunger
 Song of Slaying          Chrm           #.......     14%         2    ###....
 Regeneration             Chrm/Necr      #.........   45%         3    ####...


Dungeon Overview and Level Annotations

Branches:
Dungeon (2/15)

Altars:

Annotations:
D:2 Terence


Innate Abilities, Weirdness & Mutations

You have hooves in place of feet.
Armour fits poorly on your strangely shaped body.
You cover ground very quickly.
You have extremely tough skin. (AC +3)


Message History

You hit the gnoll.
You kill the gnoll!
You have reached level 3!
Your experience leads to an increase in your attributes!
Increase (S)trength, (I)ntelligence, or (D)exterity?
You feel clever.
Memorise Shroud of Golubria, consuming 2 spell levels and leaving 3?
You start memorising the spell.
You continue memorising. x2
You finish memorising.
Spell assigned to 'b'.
This spell is slightly dangerous to cast.
Memorise Spectral Weapon, consuming 3 spell levels and leaving 0?
You start memorising the spell.
You continue memorising.
Your magical infusion is running out.
You continue memorising. x2
You finish memorising.
Spell assigned to 'c'.
You are no longer magically infusing your attacks.
There is a staircase leading out of the dungeon here.
Are you sure you want to leave the Dungeon?
This will make you lose the game!
Magic restored.
You have escaped!

#......####### #. #####.## #.
############..############# #.
#.........................# #.
#.#####.#####.#####.#####.# #.
#..###...###...###...###..# ##
#...#.....#.....#.....#...# #
#....#####.......#####....# #
#.....###....@....###.....# #
##.....#...........#.)...## #
##.....#####.#####.....## #
######.....###...###.(...## #
#...........#.....#.....########
#......#.....#####.....#........
#......##.....###.....##.##.....
#......###.....#.....###.##.###.
#......####.........## #.##.# #.


There were no monsters in sight!

Vanquished Creatures
  A gnoll (D:1)
  2 leopard geckos (D:1)
  A bat (D:1)
  3 giant cockroaches
  4 hobgoblins (D:1)
  2 frilled lizards (D:1)
  2 goblins
  A rat (D:1)
16 creatures vanquished.

Notes
Turn   | Place    | Note
-------+----------+-------------------------------------------
     0 | D:1      | Folque the Centaur Skald began the quest for the Orb.
     0 | D:1      | Reached XP level 1. HP: 17/17 MP: 3/3
   283 | D:1      | Reached XP level 2. HP: 24/24 MP: 4/4
  1291 | D:2      | Noticed Terence
  1300 | D:1      | Reached XP level 3. HP: 16/29 MP: 3/6
  1304 | D:1      | Learned a level 2 spell: Shroud of Golubria
  1308 | D:1      | Learned a level 3 spell: Spectral Weapon
  1338 | D:$      | Got out of the dungeon alive.

Skill      XL: |  1  2 |
---------------+-------+-----
Axes           | 2 |  2.4
Spellcasting   | 2 |  2.1
Fighting       | |  2.0
Armour         | |  0.6
Dodging        | |  1.3
Charms         | |  2.9

Action                   || total
-------------------------++-------
Melee: Hand axe          ||    40
       Kick              ||     6
 Cast: Infusion          ||     2
Armor: Leather armour    ||    12
Dodge: Dodged            ||    24
